 Dungeon Crawl Stone Soup version 0.30-a0-451-ge042605de7 (webtiles) character file.

Game seed: 1461723553798603074

8 Angani the Conjurer (level 2, -5/24 HPs)
             Began as a Draconian Reaver on Dec 11, 2022.
             Slain by a fire elemental (8 damage)
             ... created by the fiery vengeance of Ignis
             ... on level 1 of the Dungeon.
             The game lasted 00:01:53 (649 turns).

Angani the Conjurer (Draconian Reaver)               Turns: 649, Time: 00:01:53

Health: -5/24      AC:  4    Str: 14    XL:     2   Next: 0%
Magic:  5/5        EV: 12    Int: 13    God:
Gold:   31         SH:  0    Dex:  9    Spells: 4/5 levels left

rFire   . . .      SeeInvis .    a - +0 short sword
rCold   . . .      Faith    .    (no shield)
rNeg    . . .      Spirit   .    (body armour unavailable)
rPois   .          Reflect  .    (helmet restricted)
rElec   .          Harm     .    (no cloak)
rCorr   .          Rampage  .    (no gloves)
Will    .....                    (no boots)
Stlth   +.........               b - amulet of regeneration
HPRegen 1.04/turn                (no ring)
MPRegen 0.09/turn                (no ring)

@: fire susceptible
A: AC +4, unfitting armour, cold-blooded
a: no special abilities


You were on level 1 of the Dungeon.
You visited 1 branch of the dungeon, and saw 1 of its levels.

You collected 31 gold pieces.

Inventory:

Hand Weapons
 a - a +0 short sword (weapon)
Jewellery
 b - an amulet of regeneration (around neck)
Potions
 d - a potion of curing


   Skills:
 - Level 2.1 Fighting
 - Level 3.0 Short Blades
 - Level 1.7 Dodging
 + Level 2.1 Spellcasting
 + Level 3.1 Conjurations
 + Level 0.6 Translocations
 + Level 0.6 Ice Magic


You had 4 spell levels left.
You knew the following spells:

 Your Spells              Type           Power      Damage    Failure   Level
a - Kiss of Death         Conj/Necr      20%        2d7       13%         1

Your spell library contained the following spells:

 Spells                   Type           Power      Damage    Failure   Level
 Momentum Strike          Conj/Tloc      12%        3d8       19%         2
 Ensorcelled Hibernation  Hex/Ice        4%         N/A       32%         2
 Hailstorm                Conj/Ice       6%         3d4       34%         3
 Passwall                 Tmut/Erth      0%         N/A       36%         2
 Swiftness                Air            1%         N/A       58%         3
 Animate Dead             Necr           1%         N/A       94%         4
 Haunt                    Necr/Summ      0%         N/A       100%        7
 Infestation              Necr           0%         N/A       100%        8


Dungeon Overview and Level Annotations

Branches:
Dungeon (1/15)

Altars:
Ignis


Innate Abilities, Weirdness & Mutations

Your plain brown scales are hard. (AC +4)
You cannot fit into any form of body armour.
You are cold-blooded and may be slowed by cold attacks.


Message History

The quokka closely misses you.
You barely miss the quokka.
The quokka is heavily wounded.
The quokka barely misses you.
The quokka bites you but does no damage.
You hit the quokka but do no damage.
The quokka is heavily wounded.
The quokka closely misses you.
You barely miss the quokka.
The quokka is heavily wounded.
The quokka bites you.
You closely miss the quokka.
The quokka is heavily wounded.
The quokka bites you but does no damage.
You hit the quokka but do no damage.
The quokka is heavily wounded.
The quokka closely misses you.
You hit the quokka.
Your tail-slap misses the quokka.
The quokka is severely wounded.
The quokka barely misses you.
You hit the quokka.
You kill the quokka!
You have reached level 2!
You see here a +0 whip.
You see here a quokka corpse. "With a thousand fires I burned cities, but these will suffice for you!" 3 fire elementals come into view.
Unknown command.
You aren't carrying any scrolls.
Unknown command.
You closely miss the fire elemental.
You tail-slap the fire elemental, but do no damage.
You closely miss the fire elemental. The fire elemental hits you.
The fire elemental burns you! The fire elemental hits you.
The fire elemental burns you!
Ouch! That really hurt!
* * * LOW HITPOINT WARNING * * *
You barely miss the fire elemental. The fire elemental hits you.
The fire elemental burns you!
You die...

#.# #.#******** #.# #.##.#
#.# #.# #.###.##.## #.# #.#
#.......... #.# #.#
#####.##... #.# #.# #.#####
#.#######†##### #.#
#........)....# #.#
###.##########.#########**#.#
....# #.E@EE...$.,,..# #####
###########**###


You could see 3 fire elementals.

Vanquished Creatures
  A ball python (D:1)
  An endoplasm (D:1)
  A giant cockroach (D:1)
  A kobold (D:1)
  2 quokkas (D:1)
6 creatures vanquished.

Notes
Turn   | Place    | Note
-------+----------+-------------------------------------------
     0 | D:1      | Angani the Draconian Reaver began the quest for the Orb.
     0 | D:1      | Reached XP level 1. HP: 17/17 MP: 3/3
   344 | D:1      | Found a faded altar of an unknown god.
   351 | D:1      | Prayed at the altar of an unknown god.
   351 | D:1      | Became a worshipper of Ignis, the Dying Flame
   352 | D:1      | Fell from the grace of Ignis
   637 | D:1      | Reached XP level 2. HP: 24/24 MP: 5/5
   647 | D:1      | Noticed a fire elemental
   647 | D:1      | Noticed a fire elemental
   647 | D:1      | Noticed a fire elemental
   649 | D:1      | Slain by a fire elemental

Illustrated notes

Levels and vault maps discovered:
D:1:      dpeg_arrival_boxorama, layout_loops_ring,
          hellmonk_ecumenical_altar_crossroads

Action                   || total
-------------------------++-------
Melee: Short sword       ||    30
       Tailslap          ||     4
Invok: Renounce Religion ||     1
  Use: Scroll            ||     4
 Stab: Sleeping          ||     1
Armor: Skin              ||     7
Dodge: Dodged            ||    23

Table legend: (Time is in decaauts)
 A = Elapsed time spent in this place.
 B = Non-inter-level travel time spent in this place.
 C = Inter-level travel time spent in this place.
 D = Time resting spent in this place.
 E = Time spent auto-exploring this place.
 F = Levels seen in this place.
 G = Mean time per level.
                   A        B        C        D        E       F      G
               +--------+--------+--------+--------+--------+-----+--------+
         Total |    644 |    644 |      0 |    100 |    470 |   1 |  644.0 |
       Dungeon |    644 |    644 |      0 |    100 |    470 |   1 |  644.0 |
               +--------+--------+--------+--------+--------+-----+--------+

Top non-repeatable levels by time:
     D:1: 644 daAuts
